AoeStats
← hbrandstaetter

Nomad

504227185Analyzed
2v2 RM · 29d ago on Sep 4, 2026· 30m 56s· 4 players
Game mode
Random Map
Map size
176×176
Population
200
Speed
Normal
Resources
Standard
Victory
Conquest
Starting age
Dark Age
Ending age
Imperial Age
RankedLock teamsTeams togetherTeam positionsShared explorationLock speedFull tech treeHidden civsTurbo modeCheats
Victory
Defeat
🇦🇹 Malians · Austria
1032
+13
🇨🇴 Portuguese · Colombia
1002
+14
🇮🇹 Mongols · Italy
973
-14
🇮🇹 Byzantines · Italy
954
-13
Tutmosis
15:00 Feudal Age
19:25 Castle Age
20:26 Wheelbarrow
23:16 Gold Mining
24:27 Double-Bit Axe
28:59 Bow Saw
hbrandstaetter
9:17 Loom
13:14 Feudal Age
19:37 Castle Age
18:43 Fishing Lines
19:48 Scale Mail Armor
20:00 Forging
20:45 Town Watch
25:54 Double-Bit Axe
29:47 Chain Mail Armor
31:25 Gold Mining
roccgnv
3:28 Loom
13:06 Feudal Age
13:40 Double-Bit Axe
14:59 Man-at-Arms
18:55 Man-at-Arms
25:17 Castle Age
23:24 Horse Collar
25:13 Stone Mining
26:57 Husbandry
27:12 Bloodlines
29:45 Gold Mining
Hookton
5:12 Loom
14:09 Feudal Age
15:28 Double-Bit Axe
22:39 Fletching
23:57 Padded Archer Armor
29:44 Castle Age
Connection lost

Rejoining the realm…

Still unreachable

The connection could not be restored.

Session expired

The server has moved on; the page needs a fresh start.